 Dungeon Crawl Stone Soup version 0.29.1-15-g9cfb28693d (webtiles) character file.

Game seed: 2342390881888992141

469 112233 the Ruffian (level 6, -1/61 HPs)
             Began as a Troll Fighter on Feb 27, 2023.
             Was an Initiate of Hepliaklqana.
             Shot with an arrow by a centaur (11 damage)
             ... on level 5 of the Dungeon.
             The game lasted 00:37:44 (4465 turns).

112233 the Ruffian (Troll Fighter)                  Turns: 4465, Time: 00:37:44

Health: -1/61      AC:  9    Str: 25    XL:     6   Next: 82%
Magic:  5/5        EV:  9    Int:  4    God:    Hepliaklqana [......]
Gold:   244        SH:  8    Dex: 11    Spells: 5/5 levels left

rFire   . . .      SeeInvis .     - Unarmed
rCold   . . .      Faith    .   b - +0 kite shield
rNeg    + . .      Spirit   .   a - +0 robe
rPois   .          Reflect  .   (helmet restricted)
rElec   .          Harm     .   k - +0 cloak
rCorr   .          Rampage  .   (gloves unavailable)
Will    .....                   (boots unavailable)
Stlth   +.........              (no amulet)
HPRegen 1.00/turn               m - ring of positive energy
MPRegen 0.09/turn               h - +4 ring of protection

@: no status effects
A: large, unfitting armour, claws 3, regeneration 1, shaggy fur 1, tough skin 1
a: Renounce Religion


You were on level 5 of the Dungeon.
You worshipped Hepliaklqana.
Hepliaklqana was noncommittal.
You visited 1 branch of the dungeon, and saw 5 of its levels.

You collected 244 gold pieces.

Inventory:

Armour
 a - a +0 robe (worn)
 b - a +0 kite shield (worn)
 k - a +0 cloak (worn)
Jewellery
 f - a ring of magical power
 g - an amulet of magic regeneration
 h - a +4 ring of protection (right claw)
 i - a ring of wizardry
 m - a ring of positive energy (left claw)
 p - a ring of resist corrosion
Wands
 s - a wand of light (12)
Scrolls
 d - 8 scrolls of identify {unknown}
 e - a scroll of brand weapon {unknown}
 j - a scroll of blinking {unknown}
 l - a scroll of magic mapping {unknown}
 q - 2 scrolls of teleportation {unknown}
Potions
 c - 2 potions of might
 n - a potion of degeneration {unknown}
 o - 2 potions of curing {unknown}
 r - a potion of resistance {unknown}


   Skills:
 + Level 3.4 Fighting
 + Level 3.7 Dodging
 - Level 0.5 Stealth
 + Level 3.9 Shields
 * Level 4.6 Unarmed Combat


You had 5 spell levels left.
You didn't know any spells.
Your spell library was empty.

Dungeon Overview and Level Annotations

Branches:
Dungeon (5/15)
 Temple: D:4-7

Altars:
Ashenzari
Hepliaklqana
Kikubaaqudgha
Okawaru
Trog
Xom

Shops:
D:1 :

Annotations:
D:2 1 runed translucent door, Crazy Yiuf


Innate Abilities, Weirdness & Mutations

You are too large for most types of armour.
You have claws for hands.
Your natural rate of healing is unusually fast.
You are covered in fur. (AC +1)
You have tough skin. (AC +1)


Message History

The jelly completely misses you.
You claw the jelly!
You kill the jelly!
The quokka bites you.
You closely miss the quokka. The quokka barely misses you.
You claw the quokka!
You kill the quokka!
No target in view!
No target in view!
Found 6 stones.
Found a stone.
An adder comes into view.
The adder hisses angrily.
A centaur comes into view.
An ogre comes into view. It is wielding a +0 giant club.
The centaur shouts!
The ogre shouts!
You hear a loud, deep croak!
You hear a shout!
The centaur drinks a potion.
The centaur seems to speed up.
An orc wizard comes into view. It is wielding a +0 dagger.
You barely miss the adder.
The centaur wields a +0 shortbow.
The centaur shoots an arrow.
The arrow closely misses you.
The centaur shoots an arrow.
You block the arrow. The adder bites you but does no damage.
You claw the adder!
You kill the adder!
The centaur shoots an arrow.
You block the arrow.
The centaur shoots an arrow.
The arrow hits you!
The centaur shoots an arrow.
The arrow hits you.
The centaur shoots an arrow.
You block the arrow.
You claw the ogre!
The ogre is moderately wounded.
The centaur shoots an arrow.
The arrow hits you!
The centaur shoots an arrow.
The arrow hits you.
The ogre hits you with a +0 giant club!!
* * * LOW HITPOINT WARNING * * *
You are too injured to fight recklessly!
The centaur shoots an arrow.
The arrow hits you.
* * * LOW HITPOINT WARNING * * *
The centaur shoots an arrow.
The arrow hits you!
You die...

............... ..##.
................ ##....
................ ....#
................ ...#
..............#######...
...(..........#_.#._#... ..
....c.O..(....#.....##<. #.
#...†....###.PP..... #..
#..@.....##.....###. ##.##
##........#_.#._#.#.
#....###.........#######...
#....###..................
#...#.........#......#..
#...........##..#.###..
##..........#...#..###.
#.#?....#..#......# ##
####.........#...##


You could see an ogre and a centaur (fast).

Vanquished Creatures
  A phantom (D:4)
  A scorpion (D:4)
  A jelly (D:5)
  Terence (D:3)
  An iguana (D:3)
  3 orc wizards (D:4)
  6 gnolls
  5 adders
  A white imp (D:5)
  A dart slug (D:2)
  11 orcs
  6 endoplasms
  3 giant cockroaches
  4 hobgoblins
  2 jackals (D:3)
  5 kobolds
  4 quokkas
  4 ball pythons
  4 bats
  2 frilled lizards
  8 goblins
  A rat (D:2)
75 creatures vanquished.

Vanquished Creatures (others)
  A wizard (D:3)
  2 plants (D:4)
3 creatures vanquished.

Grand Total: 78 creatures vanquished

Notes
Turn   | Place    | Note
-------+----------+-------------------------------------------
     0 | D:1      | 112233 the Troll Fighter began the quest for the Orb.
     0 | D:1      | Reached XP level 1. HP: 22/22 MP: 0/0
   366 | D:2      | Found a shimmering altar of Xom.
   444 | D:3      | Reached XP level 2. HP: 29/29 MP: 1/1
   864 | D:4      | Reached XP level 3. HP: 36/36 MP: 2/2
   927 | D:4      | Noticed a scorpion
   934 | D:4      | Killed a scorpion
   935 | D:4      | Reached skill level 3 in Unarmed Combat
   935 | D:4      | Reached XP level 4. HP: 44/44 MP: 3/3
   984 | D:4      | Reached XP level 5. HP: 53/53 MP: 4/4
  1302 | D:4      | Noticed a phantom
  1310 | D:4      | Killed a phantom
  1311 | D:4      | Reached XP level 6. HP: 59/61 MP: 5/5
  2018 | D:3      | Noticed Terence
  2026 | D:3      | Killed Terence
  2027 | D:3      | Reached skill level 4 in Unarmed Combat
  2116 | D:3      | Found a bloodstained altar of Trog.
  2119 | D:3      | Noticed a wizard
  2125 | D:3      | Killed a wizard
  2126 | D:3      | Became a worshipper of Trog the Wrathful
  2996 | D:2      | Identified the +7 dagger of Mutilation {freeze, Fragile
                  | rCorr Int+9}
  3304 | D:2      | Found a runed translucent door.
  3305 | D:2      | Noticed Crazy Yiuf
  3567 | D:1      | Found Ixzikh's Book Emporium.
  3594 | D:1      | Found a faded altar of an unknown god.
  4360 | D:5      | Entered Level 5 of the Dungeon
  4360 | D:5      | Found a hazy altar of Hepliaklqana.
  4361 | D:5      | Found a broken altar of Ashenzari.
  4363 | D:5      | Found an ancient bone altar of Kikubaaqudgha.
  4363 | D:5      | Found an iron altar of Okawaru.
  4379 | D:5      | Fell from the grace of Trog
  4379 | D:5      | Became a worshipper of Hepliaklqana the Forgotten
  4465 | D:5      | Shot with an arrow by a centaur

Illustrated notes

Levels and vault maps discovered:
D:1:      wander_arrival_abandoned_jail, layout_basic, serial_shops,
          shop_statue, shapermc_ecumenical_altar_acropolis
D:2:      layout_loops_ring, basic_altar, minmay_ruptured,
          uniq_crazy_yiuf_cottage
D:3:      layout_basic, trog_wizard, uniq_terence
D:4:      layout_basic, serial_bayou_pond_b
D:5:      layout_cave_pools, mainiacjoe_overflow_alcove_3,
          minmay_temple_entry_slanted, uniq_blork_the_orc

Skill      XL: |  1  2  3  4  5  6 |
---------------+-------------------+-----
Shields        | 3 |  3.9
Dodging        | 3 |  3.7
Unarmed Combat | 3 4 |  4.6
Fighting       | 3 |  3.4
Stealth        | |  0.5

Action                   |  1- 3 |  4- 6 || total
-------------------------+-------+-------++-------
Melee: Unarmed           |    87 |   145 ||   232
 Stab: Sleeping          |       |     1 ||     1
Armor: Robe              |    30 |    61 ||    91
Dodge: Dodged            |    23 |    47 ||    70
Block: Kite shield       |    33 |    51 ||    84
